Map: [ESL] Solaris

Players

NightMare

  • Race: Protoss Protoss
  • Spawn Location: 7:00

Creator - Winner!

  • Race: Protoss Protoss
  • Spawn Location: 1:00

Event: ESL SC2 Masters 2023 Winter (Finals)

VOD

Have the link to the VOD?

Description

Time

  • Played on: Dec. 15, 2023, 10:40 a.m.
  • Length: 5:53

All games in this series

Show
View Real Time Build Order
Export as new Build Order

NightMare Protoss 

Build Orders:  

Get SALT Encoding   

  12  0:00  Probe  
  13  0:12  Probe  
  14  0:16  Pylon  
  14  0:24  Probe (Chrono Boost)  
  15  0:37  Probe (Chrono Boost)  
  15  0:38  Gateway  
  16  0:44  Probe (Chrono Boost)  
  16  0:47  Assimilator  
  17  0:51  Probe  
  17  0:55  Assimilator  
  18  1:03  Probe (Chrono Boost)  
  19  1:08  Gateway  
  19  1:13  Probe (Chrono Boost)  
  19  1:18  Probe (Chrono Boost)  
  20  1:25  Cybernetics Core  
  21  1:29  Probe  
  22  1:36  Pylon  
  22  1:41  Probe  
  24  1:54  Probe  
  24  1:59  Warp Gate (Chrono Boost)  
  24  2:01  Stalker x2  
  29  2:13  Pylon  
  28  2:24  Pylon  
  28  2:31  Stalker x2  
  32  2:53  Nexus  
  31  3:06  Sentry, Shield Battery  
  31  3:07  Sentry  
  35  3:17  Shield Battery, Probe  
  35  3:19  Pylon  
  37  3:36  Twilight Council  
  36  3:41  Robotics Facility  
  36  3:46  Stalker x2  
  40  3:52  Shield Battery  
  40  4:10  Stalker x2  
  44  4:27  Immortal (Chrono Boost)  
  48  4:37  Stalker  
  46  4:43  Gateway  
  40  4:52  Sentry  
  40  4:59  Immortal (Chrono Boost)  
  42  5:11  Shield Battery  
Show
View Real Time Build Order
Export as new Build Order

Creator Protoss - Winner!

Build Orders:  

Get SALT Encoding   

  12  0:00  Probe  
  13  0:12  Probe  
  14  0:16  Pylon  
  14  0:24  Probe (Chrono Boost)  
  15  0:36  Probe (Chrono Boost)  
  15  0:38  Gateway  
  16  0:44  Probe (Chrono Boost)  
  16  0:45  Assimilator  
  17  0:51  Probe  
  17  0:53  Assimilator  
  18  1:03  Probe (Chrono Boost)  
  19  1:07  Gateway  
  20  1:12  Probe (Chrono Boost)  
  20  1:17  Probe (Chrono Boost)  
  21  1:26  Cybernetics Core  
  21  1:29  Probe  
  22  1:34  Pylon  
  22  1:41  Probe  
  23  1:53  Probe  
  24  2:02  Adept x2  
  24  2:03  Warp Gate  
  28  2:13  Pylon  
  28  2:17  Robotics Facility  
  28  2:32  Stalker x2  
  32  2:48  Gateway  
  31  3:02  Immortal (Chrono Boost)  
  35  3:06  Sentry  
  35  3:11  Pylon  
  37  3:31  Warp Prism (Chrono Boost), Shield Battery  
  39  3:51  Adept x3  
  43  3:58  Pylon  
  43  4:00  Observer  
  44  4:19  Adept x3  
  50  4:25  Pylon  
  50  4:33  Gateway  
  49  4:45  Stalker  
  49  4:46  Sentry  
  49  4:48  Sentry  
  52  5:11  Pylon x2  
  52  5:12  Immortal (Chrono Boost)  
  51  5:22  Stalker  
  46  5:50  Stalker  
Tags
 
Add a new tag
Caveats
  • Supply blocks, unpowered buildings, or Contaminate may cause inaccurate times.
  • Supply counts are checked every 10 seconds.